 Dungeon Crawl Stone Soup version 0.23.2-33-g5129a83184 (webtiles) character file.

Game seed: 10095134051168283114

14147 eccles the Geomancer (level 12, -8/78 HPs)
             Began as a Gargoyle Earth Elementalist on July 11, 2019.
             Was a Priest of Vehumet.
             Killed from afar by an ice dragon (38 damage)
             ... with a blast of cold
             ... in an ice cave on July 24, 2019.
             The game lasted 01:34:24 (11637 turns).

eccles the Geomancer (Gargoyle Earth Elementalist) Turns: 11637, Time: 01:34:24

Health: -8/78      AC: 16    Str: 13    XL:     12   Next: 13%
Magic:  34/34      EV: 13    Int: 19    God:    Vehumet [***...]
Gold:   706        SH:  0    Dex: 11    Spells: 13/29 levels left

rFire    . . .     SeeInvis .   b - +6 longbow (flame)
rCold    . . .     Gourm    .   (shield currently unavailable)
rNeg     + + .     Faith    .   P - +0 troll leather armour
rPois    ∞         Spirit   .   (no helmet)
rElec    +         Reflect  .   (no cloak)
rCorr    .         Harm     .   (no gloves)
MR       .....                  B - +2 pair of boots
Stlth    ++........             G - amulet of regeneration
HPRegen  1.03/turn              n - ring of positive energy
MPRegen  0.24/turn              L - ring of magical power

@: no status effects
A: talons 1, negative energy resistance 1, robust 1, electricity resistance,
unbreathing, petrification resistance, rot immunity, AC +8
a: Renounce Religion


You were in an ice cave.
You worshipped Vehumet.
Vehumet was most pleased with you.
You were not hungry.

You visited 2 branches of the dungeon, and saw 12 of its levels.
You also visited: Ossuary and Ice Cave.

You collected 908 gold pieces.
You spent 202 gold pieces at shops.

Inventory:

Hand Weapons
 a - the +8 short sword "Maykuagu" {pierce, MR+ Str-4 Stlth+}
   (You found it on level 7 of the Dungeon)

   It inflicts extra damage upon your enemies.
   It affects your strength (-4).
   It affects your resistance to hostile enchantments.
   It makes you more stealthy.
 b - a +6 longbow of flaming (weapon)
 l - a +0 dagger
 o - a +0 short sword
 r - a +0 dagger of draining
 H - a +0 longbow of flaming
 I - a +3 dagger of draining
 M - the +3 glaive of Mayhem {chop, *Drain rN+ Int+7 SInv}
   (You found it on level 9 of the Dungeon)

   It inflicts extra damage upon your enemies.
   It affects your intelligence (+7).
   It protects you from negative energy.
   It lets you see invisible.
   It causes draining when unequipped.
Missiles
 s - 9 tomahawks
 t - 4 silver tomahawks
 z - 85 stones
 A - 234 arrows (quivered)
Armour
 c - a +0 robe
 m - a +1 leather armour
 B - a +2 pair of boots (worn)
 P - a +0 troll leather armour (worn)
 T - a +0 pair of boots
Jewellery
 n - a ring of positive energy (left hand)
 w - an uncursed amulet of faith
 E - an uncursed amulet of the gourmand
 G - an amulet of regeneration (around neck)
 J - the ring "Xugaics" {+Inv +Fly}
   (You found it on level 9 of the Dungeon)

   [ring of flight]

   It lets you turn invisible.
   It lets you fly.
 K - an uncursed ring of flight
 L - a ring of magical power (right hand)
Wands
 i - a wand of paralysis (5)
Scrolls
 e - 4 scrolls of teleportation
 v - 2 scrolls of remove curse
 y - a scroll of blinking
 C - a scroll of fear
 D - 4 scrolls of fog
 O - a scroll of identify
 R - a scroll of torment {unknown}
 S - a scroll of summoning {unknown}
Potions
 g - a potion of lignification
 h - a potion of haste
 j - 4 potions of brilliance
 k - 4 potions of flight
 p - a potion of invisibility
 q - 4 potions of mutation
 u - 2 potions of curing
 x - a potion of resistance
 F - a potion of magic
 N - a potion of berserk rage
 U - a potion of degeneration {unknown}
Comestibles
 d - 22 rations


   Skills:
 * Level 6.9 Fighting
 + Level 6.3 Short Blades
 * Level 6.5 Bows
 + Level 0.1 Throwing
 + Level 3.1 Armour
 + Level 4.7 Dodging
 + Level 4.1 Stealth
 * Level 9.1 Spellcasting
 * Level 6.2 Conjurations
 + Level 0.8 Transmutations
 + Level 10.4 Earth Magic


You had 13 spell levels left.
You knew the following spells:

 Your Spells              Type           Power        Failure   Level  Hunger
a - Sandblast             Erth           #####.       1%          1    None
b - Passwall              Tmut/Erth      ####....     1%          2    None
c - Stone Arrow           Conj/Erth      #####.       1%          3    None
d - Magic Dart            Conj           ####         1%          1    None
e - Lee's Rapid Deconstr  Erth           #####.....   1%          5    #####..
f - Petrify               Tmut/Erth      ####....     11%         4    ###....

Your spell library contained the following spells:

 Spells                   Type           Power        Failure   Level  Hunger
 Dazzling Spray           Conj/Hex       ###...       2%          3    None
 Confusing Touch          Hex            #.....       11%         1    None
 Confuse                  Hex            #.......     30%         3    None
 Gell's Gravitas          Tloc           #.........   30%         3    None
 Yara's Violent Unravell  Hex/Tmut       ##........   50%         5    #####..
 Metabolic Englaciation   Hex/Ice        #.........   96%         5    #####..


Dungeon Overview and Level Annotations

Branches:
Dungeon (11/15)            Temple (1/1) D:6            Lair (0/6) D:11
    Orc (0/2) D:10

Altars:
Ashenzari
Cheibriados
Dithmenos
Elyvilon
Fedhas
Gozag
Hepliaklqana
Kikubaaqudgha
Makhleb
Nemelex Xobeh
Okawaru
Qazlal
Ru
Sif Muna
Trog
Uskayaw
Vehumet
Wu Jian
Xom
Yredelemnul
Zin
The Shining One

Shops:
D:5 (   D:9 *

Annotations:
D:4 !Dowan and Duvessa


Innate Abilities, Weirdness & Mutations

You are resistant to torment.
Your stone body is resilient. (AC +8)
You are immune to poison.
You resist negative energy. (rN+)
You are resistant to electric shocks. (rElec)
You can survive without breathing.
You are immune to petrification.
You are immune to rotting.
You have sharp toenails.
You are robust. (+10% HP)


Message History

You hear a deafening roar!
Firing (i - inventory. (/) - cycle)
A - 236 arrows (quivered)
Press: ? - help, Shift-Dir - straight line, f/p - ice dragon
Aim: an ice dragon (lightly wounded)
You shoot an arrow.
The arrow closely misses the ice dragon.
An ice dragon comes into view.
Firing (i - inventory. (/) - cycle)
A - 235 arrows (quivered)
Press: ? - help, Shift-Dir - straight line, f/p - ice dragon
Aim: an ice dragon (lightly wounded)
You shoot an arrow. The arrow hits the ice dragon.
The arrow burns the ice dragon.
The ice dragon is lightly wounded.
The ice dragon breathes frost at you. The blast of cold hits you!!!
Ouch! That really hurt!
The ice dragon breathes frost at you.
The blast of cold hits the ice dragon.
The ice dragon resists.
The blast of cold hits you!!!
You die...

##..###
##...#
###.###
#..#.##
##.##..#
#..#...#
##...#.##
#####..#
#..@#
##..# ≈≈#
##.# ≈≈#
D.# ###
#≈≈# D.#
##.## ≈≈≈#
..## #...#
≈≈≈# ..
..#.##≈≈≈#
..(
.##..#≈≈≈#


You could see 2 ice dragons.

Vanquished Creatures
  Harold (D:8)
  A two-headed ogre (D:11)
  An unseen horror (D:11)
  2 ice statues (IceCv)
  2 rime drakes (IceCv)
  A yaktaur (D:11)
  A troll (D:10)
  A queen bee (D:8)
  4 hippogriffs
  Sigmund (D:2)
  A shadow (D:11)
  A wraith (D:10)
  2 wyverns (D:8)
  A basilisk (D:9)
  6 yaks
  Duvessa (D:4)
  2 black bears (D:11)
  16 ice beasts
  2 orc warriors
  2 sky beasts
  2 phantoms
  6 ogres
  10 centaurs
  5 bullfrogs
  Dowan (D:4)
  4 scorpions
  3 water moccasin zombies (Ossuary)
  A water moccasin skeleton (D:9)
  23 killer bees
  2 howler monkeys
  2 centaur zombies
  5 crimson imps
  A quasit (D:10)
  6 hounds
  4 centaur skeletons
  4 orc priests
  13 orc wizards
  3 bullfrog skeletons
  Natasha (twice) (D:2)
  Terence (D:2)
  5 iguanas
  10 worker ants
  6 big kobold zombies (Ossuary)
  5 hound zombies
  A hound skeleton (D:4)
  2 mummies (Ossuary)
  A howler monkey zombie (D:7)
  3 worker ant zombies
  10 gnolls
  12 adders
  2 river rats (D:5)
  4 adder zombies
  3 worms
  2 dart slugs (D:1)
  8 leopard geckos
  31 orcs
  9 bats
  8 giant cockroaches
  8 goblins
  9 hobgoblins
  9 jackals
  7 quokkas
  3 ball pythons
  4 frilled lizards
  4 hobgoblin zombies (Ossuary)
  5 kobolds
  8 kobold zombies (Ossuary)
  3 orc zombies (Ossuary)
  3 quokka skeletons
  A quokka zombie (D:7)
  11 rats
344 creatures vanquished.

Notes
Turn   | Place    | Note
-------+----------+-------------------------------------------
     0 | D:1      | eccles the Gargoyle Earth Elementalist began the quest for
                  | the Orb.
     0 | D:1      | Reached XP level 1. HP: 10/10 MP: 3/3
   103 | D:1      | Reached XP level 2. HP: 13/15 MP: 1/5
   178 | D:1      | Reached skill level 4 in Earth Magic
   623 | D:1      | Found a shattered altar of Ashenzari.
   655 | D:1      | Reached XP level 3. HP: 19/19 MP: 3/6
   884 | D:2      | Noticed Sigmund
   890 | D:1      | Learned a level 2 spell: Passwall
   894 | D:1      | Learned a level 3 spell: Stone Arrow
  1033 | D:2      | Reached skill level 1 in Armour
  1118 | D:2      | Reached XP level 4. HP: 24/24 MP: 5/7
  1120 | D:2      | Gained mutation: You are robust. (+10% HP) [potion of
                  | mutation]
  1120 | D:2      | Gained mutation: You have sharp toenails. [potion of
                  | mutation]
  1125 | D:2      | Noticed Terence
  1159 | D:2      | Killed Terence
  1159 | D:2      | Reached skill level 5 in Earth Magic
  2089 | D:3      | Reached XP level 5. HP: 30/30 MP: 9/9
  2337 | D:3      | Noticed a phantom
  2374 | D:3      | Killed a phantom
  2374 | D:3      | Reached skill level 1 in Fighting
  2374 | D:3      | Reached skill level 1 in Short Blades
  2427 | D:3      | Reached XP level 6. HP: 35/37 MP: 8/10
  2843 | D:2      | Noticed Natasha
  2850 | D:2      | Killed Natasha
  3016 | D:2      | Noticed Natasha
  3020 | D:2      | Killed Natasha
  3253 | D:2      | Killed Sigmund
  3253 | D:2      | Reached skill level 6 in Earth Magic
  3253 | D:2      | Reached XP level 7. HP: 34/42 MP: 4/12
  3301 | D:4      | Noticed Duvessa
  3301 | D:4      | Noticed Dowan
  3739 | D:4      | Reached skill level 7 in Earth Magic
  3839 | D:4      | Killed Duvessa
  3839 | D:4      | Reached XP level 8. HP: 43/48 MP: 6/15
  3844 | D:4      | Killed Dowan
  3844 | D:4      | Reached skill level 5 in Spellcasting
  4032 | D:5      | Entered Level 5 of the Dungeon
  4113 | D:5      | Found a sand-covered staircase.
  4119 | Ossuary  | Entered an ossuary
  4634 | D:5      | Found Cilox's Antique Weapon Emporium.
  4692 | D:5      | Reached skill level 8 in Earth Magic
  5111 | D:5      | Bought a glowing longbow for 202 gold pieces
  5265 | D:5      | Reached XP level 9. HP: 56/56 MP: 16/18
  5528 | D:6      | Found a staircase to the Ecumenical Temple.
  5550 | Temple   | Entered the Ecumenical Temple
  5720 | D:6      | Reached skill level 9 in Earth Magic
  5944 | D:6      | Reached skill level 1 in Conjurations
  5999 | D:6      | Found a sacrificial altar of Ru.
  5999 | D:6      | Found a hazy altar of Hepliaklqana.
  5999 | D:6      | Found a radiant altar of Vehumet.
  6000 | D:6      | Found an opulent altar of Gozag.
  6001 | D:6      | Found a white marble altar of Elyvilon.
  6001 | D:6      | Found a hide-covered altar of Uskayaw.
  6001 | D:6      | Found a glowing silver altar of Zin.
  6002 | D:6      | Found a shadowy altar of Dithmenos.
  6008 | D:6      | Became a worshipper of Vehumet
  6091 | D:6      | Reached skill level 1 in Bows
  7317 | D:7      | Reached XP level 10. HP: 63/63 MP: 13/20
  7463 | D:7      | Got a pitted short sword
  7464 | D:7      | Identified the +8 short sword "Maykuagu" {pierce, MR+ Str-4
                  | Stlth+} (You found it on level 7 of the Dungeon)
  7741 | D:8      | Reached * piety under Vehumet
  7741 | D:8      | Offered knowledge of Magic Dart by Vehumet.
  7752 | D:8      | Learned a level 1 spell: Magic Dart
  7758 | D:8      | Learned a level 5 spell: Lee's Rapid Deconstruction
  7763 | D:8      | Learned a level 4 spell: Petrify
  7845 | D:8      | Reached skill level 5 in Short Blades
  8295 | D:8      | Reached skill level 5 in Fighting
  8369 | D:8      | Noticed Harold
  8387 | D:8      | Killed Harold
  8627 | D:8      | Offered knowledge of Throw Flame by Vehumet.
  9088 | D:9      | Got a serpentine gossamer ring
  9089 | D:9      | Identified the ring "Xugaics" {+Inv +Fly} (You found it on
                  | level 9 of the Dungeon)
  9272 | D:9      | Reached ** piety under Vehumet
  9307 | D:9      | Found Gure's General Store.
  9314 | D:9      | Reached XP level 11. HP: 60/70 MP: 22/22
  9549 | D:9      | Got a brightly glowing glaive
  9603 | D:10     | Entered Level 10 of the Dungeon
  9603 | D:10     | Found a staircase to the Orcish Mines.
  9814 | D:10     | Reached skill level 5 in Conjurations
 10074 | D:10     | Reached skill level 5 in Bows
 10517 | D:11     | Identified the +3 glaive of Mayhem {chop, *Drain rN+ Int+7
                  | SInv} (You found it on level 9 of the Dungeon)
 10542 | D:11     | Offered knowledge of Conjure Flame by Vehumet.
 10646 | D:11     | Reached *** piety under Vehumet
 10682 | D:11     | Noticed a two-headed ogre
 10736 | D:11     | Killed a two-headed ogre
 10869 | D:11     | Found a staircase to the Lair.
 10882 | D:11     | Reached skill level 10 in Earth Magic
 10921 | D:11     | Killed an unseen horror
 11033 | D:11     | Offered knowledge of Dazzling Spray by Vehumet.
 11048 | D:11     | Found a frozen archway.
 11060 | IceCv    | Entered an ice cave
 11115 | IceCv    | Reached XP level 12. HP: 75/78 MP: 24/24
 11634 | IceCv    | Noticed an ice dragon
 11636 | IceCv    | Noticed an ice dragon
 11637 | IceCv    | Killed from afar by an ice dragon

Skill      XL: |  1  2  3  4  5  6  7  8  9 10 11 12 |
---------------+-------------------------------------+-----
Earth Magic    | 4 5 6 7 8 9 10 | 10.4
Armour         | 1 2 3 |  3.1
Dodging        | 2 3 4 |  4.7
Fighting       | 1 2 3 4 5 6 |  6.9
Short Blades   | 1 2 3 4 5 6 |  6.3
Spellcasting   | 3 4 6 7 8 9 |  9.1
Stealth        | 3 4 |  4.1
Conjurations   | 2 4 6 |  6.2
Bows           | 2 4 5 6 |  6.5
Throwing       | |  0.1
Transmutations | |  0.8

Action                   |  1- 3 |  4- 6 |  7- 9 | 10-12 || total
-------------------------+-------+-------+-------+-------++-------
Melee: Unarmed           |    13 |     8 |       |       ||    21
       Short sword       |       |    59 |    31 |   281 ||   371
       Kick              |       |    15 |    55 |       ||    70
       Dagger            |       |     2 |   412 |    23 ||   437
 Fire: Longbow           |       |       |    11 |   117 ||   128
Throw: Tomahawk          |       |       |     2 |     3 ||     5
 Cast: Sandblast         |    44 |    51 |   126 |    89 ||   310
       Stone Arrow       |       |       |     6 |    57 ||    63
       Petrify           |       |       |       |     2 ||     2
       Passwall          |       |       |       |     1 ||     1
Evoke: Wand              |       |       |       |     2 ||     2
  Use: Scroll            |     4 |     8 |    11 |     7 ||    30
       Potion            |       |     1 |       |     8 ||     9
 Stab: Sleeping          |       |     3 |     5 |     1 ||     9
  Eat: Chunk             |     1 |     6 |    24 |     6 ||    37
       Ration            |       |     1 |     1 |     1 ||     3
Armor: Robe              |     5 |       |       |       ||     5
       Leather armour    |     6 |    47 |   183 |   169 ||   405
       Troll leather arm |       |       |       |   124 ||   124
Dodge: Dodged            |    27 |    85 |   264 |   391 ||   767
